 Dungeon Crawl Stone Soup version 0.31-a0-431-g88bdf31460 (webtiles) character file.

Game seed: 1302492126569349692

9881 LeprechaunX the Grappler (level 11, -6/99 HPs)
             Began as an Octopode Shapeshifter on Aug 1, 2023.
             Was a Believer of Hepliaklqana.
             Mangled by a wraith (8 damage)
             ... on level 11 of the Dungeon.
             The game lasted 00:23:09 (10382 turns).

LeprechaunX the Grappler (Octopode Shapeshifter)   Turns: 10382, Time: 00:23:10

Health: -6/99      AC: 29    Str: 23    XL:     11   Next: 53%
Magic:  0/16       EV:  2    Int: 11    God:    Hepliaklqana [**....]
Gold:   598        SH:  0    Dex: 14    Spells: 17/17 levels left

rFire   . .          .
                       - Unarmed
rCold   . . .        (no shield)
rNeg    + . .        (helmet currently unavailable)
rPois   +            H - amulet of guardian spirit
rElec   .            q - +6 ring of strength
rCorr   .            v - +4 ring of protection
SInv    .            L - ring of flight
Will    .....        (no ring)
Stlth   +            O - ring of poison resistance
HPRegen 0.36/turn    Q - ring of positive energy
MPRegen 0.15/turn    (no ring)
                     (no ring)

%: guardian spirit
@: tree-form, slowed, very slow
A: stationary, stasis, torment immunity, boosted hp, reduced essence, almost no
armour, (amphibious), 8 rings, (camouflage 1), (gelatinous body 1), (nimble
swimmer 1), (tentacles)
a: Renounce Religion, Recall Ancestor, Ancestor Identity


You were on level 11 of the Dungeon.
You worshipped Hepliaklqana.
Hepliaklqana was pleased with you.
You were a tree.
You visited 2 branches of the dungeon, and saw 12 of its levels.

You collected 728 gold pieces.
You spent 130 gold pieces at shops.

Inventory:

Missiles
 g - 2 boomerangs
Jewellery
 j - a ring of fire
 q - a +6 ring of strength (left branch)
 u - a ring of ice
 v - a +4 ring of protection (right branch)
 H - an amulet of guardian spirit (around neck)
 L - a ring of flight (on tentacle)
 O - a ring of poison resistance (on tentacle)
 Q - a ring of positive energy (on tentacle)
Talismans
 b - a beast talisman
 c - a serpent talisman
 d - a blade talisman
Wands
 y - a wand of paralysis (15)
 z - a wand of flame (32) (quivered)
 J - a wand of roots (9)
Scrolls
 k - 6 scrolls of teleportation
 n - 3 scrolls of poison
 p - 3 scrolls of amnesia
 r - 2 scrolls of enchant weapon
 s - 5 scrolls of enchant armour
 t - 3 scrolls of fear
 w - 2 scrolls of torment {unknown}
 x - a scroll of blinking {unknown}
 A - 2 scrolls of vulnerability {unknown}
 C - a scroll of revelation {unknown}
 F - a scroll of noise {unknown}
 G - 3 scrolls of silence
 I - a scroll of brand weapon {unknown}
 K - a scroll of immolation {unknown}
Potions
 a - a potion of lignification
 e - 2 potions of heal wounds {unknown}
 h - a potion of haste {unknown}
 i - 6 potions of curing
 l - a potion of brilliance {unknown}
 m - 2 potions of might {unknown}
 o - 2 potions of attraction {unknown}
 B - a potion of mutation {unknown}
 D - a potion of ambrosia {unknown}
 E - a potion of cancellation {unknown}
 M - a potion of resistance {unknown}
 N - a potion of enlightenment {unknown}
 P - 2 potions of degeneration {unknown}


   Skills:
 + Level 6.8 Fighting
 - Level 5.0 Dodging
 - Level 10.0 Unarmed Combat
 + Level 3.9 Spellcasting
 - Level 5.0 Invocations
 + Level 9.7 Shapeshifting


You had 17 spell levels left.
You didn't know any spells.
Your spell library contained the following spells:

 Spells                   Type           Power      Damage    Failure   Level
 Kiss of Death            Conj/Necr      8%         2d6       24%         1
 Shock                    Conj/Air       8%         1d3       24%         1
 Ensorcelled Hibernation  Hex/Ice        4%         N/A       36%         2
 Lesser Beckoning         Tloc           4%         N/A       36%         2
 Passwall                 Tmut/Erth      1%         N/A       36%         2
 Confusing Touch          Hex            2%         N/A       58%         3
 Frozen Ramparts          Ice            4%         1d1       58%         3
 Gell's Gravitas          Tloc           2%         N/A       58%         3
 Ignite Poison            Fire/Tmut/Pois 2%         N/A       58%         3
 Inner Flame              Hex/Fire       2%         N/A       58%         3
 Swiftness                Air            2%         N/A       58%         3
 Teleport Other           Tloc           2%         N/A       58%         3
 Airstrike                Air            1%         2d(1-17)  94%         4
 Dispel Undead            Necr           2%         3d7       94%         4
 Flame Wave               Conj/Fire      2%         2d4       94%         4
 Sticky Flame             Conj/Fire      2%         2d3       94%         4
 Dispersal                Tloc           1%         N/A       100%        6
 Simulacrum               Ice/Necr       1%         N/A       100%        6
 Haunt                    Necr/Summ      1%         N/A       100%        7
 Borgnjor's Revivificati  Necr           1%         N/A       100%        8
 Death's Door             Necr           1%         N/A       100%        9


Dungeon Overview and Level Annotations

Branches:
Dungeon (11/15)            Temple (1/1) D:7             Orc (0/2) D:10
   Lair: D:8-11

Altars:
Ashenzari
Cheibriados
Dithmenos
Elyvilon
Fedhas
Gozag
Hepliaklqana
Kikubaaqudgha
Makhleb
Nemelex Xobeh
Okawaru
Qazlal
Ru
Sif Muna
Trog
Uskayaw
Vehumet
Wu Jian
Xom
Yredelemnul
Zin
The Shining One

Shops:
D:5 (   D:7 *

Annotations:
D:5 1 runed translucent door, Crazy Yiuf
D:11 Erica


Innate Abilities, Weirdness & Mutations

You are a tree.
Your roots penetrate the ground, keeping you stationary.
You cannot be teleported.
You are immune to unholy pain and torment.
Your maximum health is greatly increased.
Your life essence is reduced to manifest your ancestor. (-10% HP)
You cannot wear most types of armour.
((You are amphibious.))
You can wear up to eight rings at the same time.
((Your skin changes colour to match your surroundings (Stealth+).))
((Your rubbery body absorbs attacks. (AC +1, EV +1)))
((You are camouflaged when in or above water. (Stealth+)))
((You have tentacles for arms and can constrict up to eight enemies at once.))


Message History

You barely miss something.
Muriel hits the wraith but does no damage.
The wraith barely misses Muriel.
Something hits you! Something burns you.
You barely miss something.
Muriel hits the wraith with a +0 dagger of draining.
You barely miss something.
The wraith hits Muriel.
The wraith drains Muriel's vigour!
Muriel seems to slow down.
You hear some strange, mumbled words.
A lance of force appears from out of thin air!
The lance of force hits you!
You are knocked back by the lance of force.
You collide with Muriel!
Muriel is destroyed!
* * * LOW HITPOINT WARNING * * *
Found a falchion.
Okay, then.
The wraith attacks as you move away! The wraith closely misses you.
You barely miss the wraith.
You squeeze the wraith, but do no damage.
The wraith is moderately damaged.
The wraith hits you!
* * * LOW HITPOINT WARNING * * *
The wraith drains your vigour!
You feel yourself slow down.
Really quaff the potion of lignification?
Your main tentacles revert to their normal proportions.
You turn into a tree.
Your roots penetrate the ground.
The wraith hits you but does no damage. The wraith hits you.
* * * LOW HITPOINT WARNING * * *
The wraith drains your vigour!
You feel as though you will be slow longer.
You hear some strange, mumbled words.
Something tries to affect you, but you resist.
You hit the wraith.
The wraith is heavily damaged.
The wraith hits you but does no damage. Something hits you but does no damage.
You hit the wraith but do no damage.
The wraith is heavily damaged.
The wraith hits you!
You die...

........# ........#
........# ........#
.......>#########.#
..................#
.######.#########.#
#W{### #≈# .#
#♣.≈≈###≈##.#
#.#.~≈.#R≈≈.###
#..##~≈.#R.≈~.#
###.#.######≈≈#.#
...##.###≈R≈...#
###.#.##≈≈≈##.###
#.≈.........#
#.≈≈.######.#
#.≈#.# .#


You could see a wraith.

Vanquished Creatures
  Fannar (D:10)
  A boulder beetle (D:11)
  A two-headed ogre (D:10)
  A deep elf pyromancer (D:11)
  An ugly thing (D:9)
  Joseph (D:7)
  An efreet (D:11)
  A troll (D:10)
  Prince Ribbit (D:5)
  A vampire (D:9)
  A wraith (D:10)
  4 wyverns
  5 yaks (D:9)
  4 steam dragons
  2 water moccasins
  An ice beast (D:7)
  4 sky beasts
  An orc warrior (D:10)
  3 black bears
  2 ogres
  2 centaurs
  3 kobold brigands
  2 phantoms
  3 bullfrogs
  A gnoll sergeant (D:5)
  3 scorpions
  5 killer bees (D:7)
  7 howler monkeys
  A crimson imp (D:5)
  6 hounds
  6 orc priests
  2 jellies
  A gnoll bouda (D:6)
  A sleepcap (D:4)
  4 iguanas
  An orc wizard (D:9)
  12 adders
  11 gnolls
  2 white imps (D:6)
  An ufetubus (D:5)
  A worm (D:8)
  3 dart slugs
  34 orcs
  4 ball pythons
  7 bats
  7 endoplasms
  4 giant cockroaches
  6 goblins
  10 hobgoblins
  8 jackals
  2 quokkas
  2 frilled lizards
  16 kobolds
  4 rats
219 creatures vanquished.

Vanquished Creatures (collateral kills)
  A hornet (D:9)
  A wyvern (D:9)
  A killer bee (D:11)
  An adder (D:9)
  An orc (D:10)
  2 kobolds (D:10)
7 creatures vanquished.

Vanquished Creatures (others)
  A sky beast (D:7)
  3 wights (D:8)
  An ancestor (D:9)
  2 hexers
7 creatures vanquished.

Grand Total: 233 creatures vanquished

Notes
Turn   | Place    | Note
-------+----------+-------------------------------------------
     0 | D:1      | LeprechaunX the Octopode Shapeshifter began the quest for
                  | the Orb.
     0 | D:1      | Reached XP level 1. HP: 13/13 MP: 1/1
   244 | D:1      | Reached XP level 2. HP: 16/18 MP: 2/2
  1228 | D:2      | Reached XP level 3. HP: 17/23 MP: 3/3
  1914 | D:3      | Found an iron altar of Okawaru.
  1924 | D:3      | Reached XP level 4. HP: 20/28 MP: 4/4
  1991 | D:3      | Noticed an ogre
  2127 | D:3      | Found a white marble altar of Elyvilon.
  2293 | D:3      | Reached XP level 5. HP: 32/33 MP: 5/5
  2328 | D:3      | Reached skill level 5 in Shapeshifting
  2703 | D:3      | Killed an ogre
  2704 | D:3      | Reached XP level 6. HP: 38/38 MP: 6/6
  3065 | D:4      | Found a glowing golden altar of the Shining One.
  3242 | D:4      | Found a shadowy altar of Dithmenos.
  3376 | D:4      | Noticed a black bear
  3404 | D:4      | Killed a black bear
  3506 | D:4      | Reached XP level 7. HP: 43/43 MP: 7/7
  3895 | D:5      | Entered Level 5 of the Dungeon
  3902 | D:5      | Found Wozxenin's Antique Weapon Emporium.
  4031 | D:4      | Reached XP level 8. HP: 34/48 MP: 8/8
  4127 | D:5      | Noticed Prince Ribbit
  4141 | D:5      | Killed Prince Ribbit
  4357 | D:5      | Found a burning altar of Makhleb.
  4357 | D:5      | Found a shimmering altar of Xom.
  4470 | D:5      | Found a runed translucent door.
  4471 | D:5      | Noticed Crazy Yiuf
  4967 | D:6      | Reached skill level 4 in Unarmed Combat
  5008 | D:6      | Reached XP level 9. HP: 52/55 MP: 9/9
  5051 | D:6      | You fall into a shaft and drop 1 floor!
  5306 | D:6      | Found a bloodstained altar of Trog.
  5428 | D:6      | Noticed a +0 dagger
  5428 | D:6      | Noticed a +0 hand axe
  5429 | D:6      | Found a hide-covered altar of Uskayaw.
  5754 | D:7      | Found a staircase to the Ecumenical Temple.
  5760 | Temple   | Entered the Ecumenical Temple
  5771 | Temple   | Became a worshipper of Hepliaklqana the Forgotten
  5885 | D:7      | Reached skill level 1 in Invocations
  5891 | D:7      | Found a radiant altar of Vehumet.
  5902 | D:7      | Reached skill level 5 in Unarmed Combat
  6015 | D:7      | Found Cuzaezed's Assorted Antiques.
  6205 | D:7      | Reached skill level 5 in Dodging
  6235 | D:7      | Reached skill level 5 in Fighting
  6235 | D:7      | Reached skill level 6 in Unarmed Combat
  6330 | D:7      | Noticed Joseph
  6345 | D:7      | Killed Joseph
  6346 | D:7      | Reached XP level 10. HP: 33/66 MP: 6/13
  6484 | D:7      | Found a sacrificial altar of Ru.
  6620 | D:7      | Found an ornate altar of the Wu Jian Council.
  6657 | D:7      | Bought a gilded ring for 130 gold pieces
  6727 | D:8      | Reached skill level 7 in Unarmed Combat
  6727 | D:8      | Reached skill level 5 in Invocations
  7008 | D:8      | Reached * piety under Hepliaklqana
  7044 | D:8      | Found a snail-covered altar of Cheibriados.
  7586 | D:9      | Noticed a green ugly thing
  7594 | D:9      | Killed a green ugly thing
  7595 | D:9      | Reached skill level 8 in Unarmed Combat
  7810 | D:9      | Reached skill level 9 in Unarmed Combat
  7934 | D:9      | Got the Compendium of Variable Congelation
  8288 | D:9      | Reached skill level 10 in Unarmed Combat
  8411 | D:9      | Reached skill level 1 in Spellcasting
  8626 | D:9      | Reached XP level 11. HP: 31/64 MP: 5/14
  8868 | D:10     | Entered Level 10 of the Dungeon
  8920 | D:10     | Found a staircase to the Orcish Mines.
  8920 | D:10     | Noticed Fannar
  8944 | D:10     | Killed Fannar
  9201 | D:10     | Found a stormy altar of Qazlal.
  9400 | D:10     | Reached ** piety under Hepliaklqana
  9401 | D:10     | Remembered your ancestor Muriel as a hexer
  9578 | D:10     | Found a broken altar of Ashenzari.
  9630 | D:10     | Noticed a two-headed ogre
  9644 | D:10     | Killed a two-headed ogre
  9952 | D:11     | Noticed a boulder beetle
 10139 | D:11     | Killed a boulder beetle
 10199 | D:11     | Noticed a deep elf pyromancer
 10206 | D:11     | Killed a deep elf pyromancer
 10366 | D:11     | Noticed Erica
 10379 | D:11     | HP: 3/66 [wraith (6)]
 10380 | D:11     | HP: 1/99 [wraith (5)]
 10382 | D:11     | Mangled by a wraith

Illustrated notes

Levels and vault maps discovered:
D:1:      mrwooster_arrival_statue, layout_basic
D:2:      wad_pebble_path, layout_rooms, corexii_hall_statues_l,
          chequers_big_river, supply_closet_lemuel
D:3:      kennysheep_six_static_rooms, layout_loops_cross,
          nicolae_elyvilon_temple_path, okawaru_gym_becter
D:4:      layout_loops_ring, old_standard_altar, nicolae_dithmenos_the_darkroom,
          minmay_fractal_squares_gapless_5
D:5:      layout_rooms, grunt_temple_overflow_champion_of_chaos, serial_shops,
          shop, kennysheep_generic_room_2, uniq_crazy_yiuf_cottage,
          uniq_prince_ribbit1
D:6:      layout_loops_cross, dancing_weapons_uskayaw, amcnicky_altar_gilded
D:7:      layout_rooms, marbit_many_paths, vehumet_crystals,
          mainiacjoe_overflow_paths, minmay_temple_entry_butterflies,
          serial_shops, nicolae_shop_peninsula, hangedman_misty_isle,
          uniq_joseph
D:8:      layout_loops_ring, cheibrodos_worm_habitat, hangedman_decor_points,
          lemuel_flamethrower_2
D:9:      old_forge, layout_loops_cross, dpeg_oklobed_lair
D:10:     layout_stronghold, lemuel_round_altar, nicolae_ashenzari_panopticon,
          minmay_orc_entry_temple_small, uniq_fannar
D:11:     minmay_razor_zed, layout_small_grid, serial_rivers,
          chequers_serial_rivers_large_a, chequers_serial_rivers_small_b,
          chequers_serial_rivers_small_3, chequers_serial_rivers_micro_b,
          chequers_serial_rivers_room_a, uniq_erica
Temple:   hellmonk_temple_flake

Skill      XL: |  1  2  3  4  5  6  7  8  9 10 11 |
---------------+----------------------------------+-----
Shapeshifting  | 4 5 6 8 9 |  9.7
Fighting       | 2 5 6 |  6.8
Dodging        | 3 5 |  5.0
Unarmed Combat | 4 6 10 | 10.0
Invocations    | 4 5 |  5.0
Spellcasting   | 1 3 |  3.9

Action                     |  1- 3 |  4- 6 |  7- 9 | 10-12 || total
---------------------------+-------+-------+-------+-------++-------
  Melee: Unarmed           |    56 |    84 |   158 |   222 ||   520
         Constrict         |    16 |    26 |    29 |    30 ||   101
         Tentacles         |    13 |    11 |    26 |    61 ||   111
         Punch             |     5 |     4 |    10 |    11 ||    30
  Throw: Boomerang         |       |    17 |    29 |       ||    46
 Invoke: Recall Ancestor   |       |       |       |     1 ||     1
         Ancestor Life: He |       |       |       |     1 ||     1
  Evoke: Wand              |       |       |     1 |    11 ||    12
    Use: Potion            |       |       |       |     2 ||     2
         Scroll            |       |       |       |     7 ||     7
   Stab: Sleeping          |     5 |     2 |     2 |     4 ||    13
         Distracted        |       |     1 |       |     2 ||     3
         Paralysed         |       |       |     1 |       ||     1
         Confused          |       |       |       |     2 ||     2
 Armour: Skin              |     6 |     5 |    30 |    28 ||    69
  Dodge: Dodged            |    31 |    44 |   102 |   116 ||   293
   Form: Blade             |       |       |     1 |       ||     1

Table legend: (Time is in decaauts)
 A = Elapsed time spent in this place.
 B = Non-inter-level travel time spent in this place.
 C = Inter-level travel time spent in this place.
 D = Time resting spent in this place.
 E = Time spent auto-exploring this place.
 F = Levels seen in this place.
 G = Mean time per level.
                   A        B        C        D        E       F      G
               +--------+--------+--------+--------+--------+-----+--------+
         Total |  10332 |   9848 |    484 |   1763 |   6397 |  12 |  861.0 |
       Dungeon |  10310 |   9846 |    464 |   1763 |   6397 |  11 |  937.3 |
        Temple |     22 |      2 |     20 |      0 |      0 |   1 |   22.0 |
               +--------+--------+--------+--------+--------+-----+--------+

Top non-repeatable levels by time:
     D:9: 1294 daAuts
     D:3: 1164 daAuts
     D:1: 1118 daAuts
    D:10: 1029 daAuts
     D:5: 993 daAuts
     D:4: 980 daAuts
     D:7: 943 daAuts
     D:8: 870 daAuts
     D:6: 759 daAuts
     D:2: 689 daAuts
    D:11: 467 daAuts
  Temple: 22 daAuts
